 Dungeon Crawl Stone Soup version 0.31-a0-229-g1fc7ce93e2 (webtiles) character file.

Game seed: 11503953576348107923

127830 freelancePsychic the Fighter (level 16, 0/143 HPs)
             Began as a Demigod Artificer on July 6, 2023.
             Hit by a javelin thrown by a merfolk javelineer (17 damage)
             ... on level 3 of the Shoals.
             The game lasted 01:26:51 (39620 turns).

freelancePsychic the Fighter (Demigod Artificer)   Turns: 39620, Time: 01:26:51

Health: 0/143      AC: 14    Str: 13    XL:     16   Next: 0%
Magic:  17/30      EV: 14    Int: 40    God:
Gold:   1669       SH:  6    Dex: 14    Spells: 9/27 levels left

rFire   + . .        Y - +8 falchion "Ubbomita" {venom, *Noise Int+4 Stlth+}
rCold   + . .        W - +1 buckler {rC+}
rNeg    + . .        I - +4 troll leather armour
rPois   .            p - +2 helmet
rElec   .            D - +0 cloak
rCorr   +            v - +0 pair of gloves "Fyffu" {rCorr Slay+3}
SInv    .            y - +0 pair of boots
Will    +....        (no amulet)
Stlth   ++++         M - ring of Aronomp {Wiz Slay+6}
HPRegen 1.23/turn    L - ring "Wetoutig" {rF+ rN+ Int+3}
MPRegen 0.22/turn

%: wizardry (x1)
@: about to teleport, mesmerised
A: high MP 1, forlorn, divine attributes
a: no special abilities


You were on level 3 of the Shoals.
You visited 5 branches of the dungeon, and saw 27 of its levels.
You also visited: Ice Cave.

You collected 2363 gold pieces.
You spent 694 gold pieces at shops.

Inventory:

Hand Weapons
 Y - the +8 falchion "Ubbomita" (weapon) {venom, *Noise Int+4 Stlth+}
   (You found it on level 5 of the Lair of Beasts)

   Int:       It affects your intelligence (+4).
   *Noise:    It may make noises in combat.
   Stlth:     It makes you more stealthy.
Missiles
 Q - a throwing net
 S - 5 curare-tipped darts
Armour
 g - a +2 kite shield of cold resistance
 p - a +2 helmet (worn)
 v - the +0 pair of gloves "Fyffu" (worn) {rCorr Slay+3}
   (You found it on level 3 of the Dungeon)

   Slay:      It affects your accuracy & damage with ranged weapons and melee
   (+3).
   rCorr:     It protects you from acid and corrosion.
 y - a +0 pair of boots (worn)
 D - a +0 cloak (worn)
 I - a +4 troll leather armour (worn)
 W - a +1 buckler of cold resistance (worn)
Jewellery
 h - a +6 ring of strength
 o - a +6 ring of intelligence
 A - a ring of poison resistance
 H - a ring of wizardry
 L - the ring "Wetoutig" (right hand) {rF+ rN+ Int+3}
   (You found it on level 10 of the Dungeon)

   [ring of positive energy]

   Int:       It affects your intelligence (+3).
   rF:        It protects you from fire.
   rN:        It protects you from negative energy.
 M - the ring of Aronomp (left hand) {Wiz Slay+6}
   (You found it on level 13 of the Dungeon)

   [ring of wizardry]

   It improves your spell success rate.
   Slay:      It affects your accuracy & damage with ranged weapons and melee
   (+6).
 U - a +5 ring of evasion
 Z - a ring of protection from cold
Wands
 c - a wand of flame (16)
 d - a wand of charming (5)
 e - a wand of iceblast (11)
 u - a wand of mindburst (6)
 F - a wand of paralysis (8)
 T - a wand of polymorph (8)
Scrolls
 a - a scroll of poison
 f - a scroll of brand weapon
 k - 4 scrolls of teleportation {@r4}
 n - 3 scrolls of identify {@r1}
 w - 5 scrolls of immolation
 x - a scroll of amnesia
 G - 2 scrolls of noise
 J - 2 scrolls of fog
 N - a scroll of silence
Potions
 b - 3 potions of berserk rage
 i - 3 potions of haste {@q3}
 j - 7 potions of mutation
 l - a potion of lignification
 m - 3 potions of might
 q - 5 potions of enlightenment
 r - 3 potions of degeneration
 s - 2 potions of curing {@q1}
 z - a potion of magic
 B - 3 potions of attraction
 K - 4 potions of resistance
 P - 3 potions of brilliance
 X - a potion of cancellation
Miscellaneous
 R - a lightning rod (4/4)
 V - a phial of floods


   Skills:
 + Level 13.1 Fighting
 - Level 0.3 Short Blades
 - Level 1.7 Armour
 + Level 7.7 Dodging
 - Level 5.0 Stealth
 - Level 6.0 Shields
 + Level 6.4 Spellcasting
 - Level 4.0 Hexes
 - Level 4.0 Summonings
 + Level 3.5 Necromancy
 - Level 10.3 Transmutations
 * Level 9.4 Fire Magic
 * Level 9.5 Air Magic
 - Level 10.4 Poison Magic
 - Level 6.0 Evocations


You had 9 spell levels left.
You knew the following spells:

 Your Spells              Type           Power      Damage    Failure   Level
a - Sting                 Tmut/Pois      100%       1d8       1%          1
c - Call Canine Familiar  Summ           44%        N/A       1%          3
d - Sublimation of Blood  Necr           41%        N/A       1%          2
e - Eringya's Noxious Bo  Tmut/Pois      38%        4d6       3%          6
i - Plasma Beam           Fire/Air       36%        2x1d50    6%          6

Your spell library contained the following spells:

 Spells                   Type           Power      Damage    Failure   Level
 Beastly Appendage        Tmut           100%       N/A       1%          1
 Foxfire                  Conj/Fire      100%       2x1d9     1%          1
 Summon Small Mammal      Summ           100%       N/A       1%          1
 Ensorcelled Hibernation  Hex/Ice        56%        N/A       1%          2
 Static Discharge         Conj/Air       100%       2-7/arc   1%          2
 Wereblood                Tmut           77%        N/A       1%          2
 Spider Form              Tmut/Pois      77%        N/A       1%          3
 Summon Guardian Golem    Hex/Summ       44%        N/A       1%          3
 Volatile Blastmotes      Fire/Tloc      100%       2d18      1%          3
 Airstrike                Air            36%        2d(6-22)  1%          4
 Summon Lightning Spire   Summ/Air       61%        N/A       1%          4
 Dazzling Flash           Conj/Hex       56%        N/A       2%          3
 Anguish                  Hex/Necr       21%        N/A       3%          4
 Fireball                 Conj/Fire      25%        3d11      7%          5
 Summon Ice Beast         Ice/Summ       28%        N/A       8%          4
 Iskenderun's Mystic Bla  Conj/Tloc      12%        2d5       16%         4
 Starburst                Conj/Fire      25%        6d8       34%         6
 Summon Hydra             Summ           22%        N/A       93%         7
 Spellforged Servitor     Conj/Summ      14%        N/A       99%         7
 Orb of Destruction       Conj           6%         9d6       100%        7


Dungeon Overview and Level Annotations

Branches:
Dungeon (15/15)            Temple (0/1) D:4            Lair (5/5) D:10
 Shoals (3/4) Lair:2       Spider (2/4) Lair:3        Slime (0/5) Lair:5
    Orc (2/2) D:9             Elf (0/3) Orc:2        Vaults (0/5) D:14
 Depths (0/4) D:15          IceCv (visited)

Shops:
D:4 ?   D:10 (   Orc:2 ?*:[*   Shoals:1 ?

Annotations:
D:6 exclusion: troll
D:7 1 runed translucent door
Shoals:1 1 runed translucent door, exclusion: downstairs, Mofoompusch's ghost, adept NaCA


Innate Abilities, Weirdness & Mutations

You have an increased reservoir of magic. (+10% MP)
You shall have no god before yourself.
Your divine heritage dramatically boosts your attributes as you level up.


Message History

The silver javelin pierces through you!!
The merfolk javelineer misses you.
The merfolk throws a boomerang.
The boomerang hits you!
The merfolk siren chants a haunting song.
You are mesmerised by the merfolk siren!
The merfolk siren chants a haunting song.
You easily resist.
A sea snake comes into view.
The merfolk throws a boomerang.
The boomerang hits you.
The yaktaur shoots a bolt.
The bolt hits you!!
Casting: Plasma Beam (dangerous; 6% risk of failure)
Confirm with . or Enter, or press ? or * to list all spells.
Casting: Plasma Beam (dangerous; 6% risk of failure)
Press: ? - help, Dir - look around, f - activate The bolt of lightning hits the yaktaur!!
The yaktaur is heavily wounded.
The fiery plasma hits the yaktaur!!
You kill the yaktaur!
The sea snake hisses angrily. x2
The merfolk javelineer throws a silver javelin.
The silver javelin pierces through you.
* * * LOW HITPOINT WARNING * * *
x2 The merfolk siren chants its luring song.
The merfolk throws a boomerang.
The boomerang hits you.
* * * LOW HITPOINT WARNING * * *
The merfolk siren chants a haunting song.
The merfolk javelineer throws a javelin.
The javelin pierces through you.
* * * LOW HITPOINT WARNING * * *
The merfolk throws a boomerang.
The boomerang misses you.
You have reached level 16!
As you read the scroll of teleportation {@r4}, it crumbles to dust.
You feel strangely unstable.
The merfolk javelineer throws a silver javelin.
The silver javelin pierces through you!
* * * LOW HITPOINT WARNING * * *
x2 The merfolk siren chants its luring song. x2
The merfolk javelineer throws a javelin.
The javelin pierces through you!
You die...

.~..~~~~~~~
#####....~~~~~~
.............~~
.[......../..~~
..S.........~~~
.............
..........#
.......@..#
..........#
.../[...m..m.
PP..m.....#..<.
mP....mm..# .~~
)P.>m....t. ~.
.P$....Sm... .


PP........... You could see an alligator snapping turtle, 2 merfolk javelineers,
2 sea snakes, 4 merfolk and 2 merfolk sirens.

Vanquished Creatures
  Rupert (D:14)
  Polyphemus (Shoals:2)
  Agnes (Spider:1)
  A frost giant (IceCv)
  A stone giant (D:15)
  A dire elephant (Lair:5)
  3 merfolk javelineers (Shoals:2)
  4 merfolk impalers (Shoals:2)
  Josephine (Orc:2)
  4 vault guards (D:14)
  A hydra (D:13)
  4 catoblepae
  3 ogre magi
  2 radroaches (Spider:1)
  3 centaur warriors
  Erica (D:8)
  2 boulder beetles (D:14)
  10 two-headed ogres
  A deep troll shaman (Lair:5)
  17 death yaks
  2 tengu warriors (D:15)
  6 demonic crawlers (Spider:1)
  Sonja (Lair:2)
  A soul eater (Orc:1)
  A skyshark (Shoals:2)
  An orb spider (Spider:1)
  3 sea snakes
  2 deep trolls (Orc:2)
  A steelbarb worm (Spider:1)
  2 lindwurms (Lair:2)
  An orc knight (D:14)
  3 deep elf pyromancers
  5 harpies (Shoals:2)
  2 fauns (Shoals:1)
  9 ugly things
  4 wolf spiders (Spider:1)
  4 orc sorcerers
  9 cyclopes
  A centaur zombie (D:12)
  7 manticores
  14 elephants
  A black mamba (Lair:4)
  An ice statue (IceCv)
  4 merfolk sirens
  2 gargoyles (D:14)
  4 cane toads
  6 rime drakes
  4 komodo dragons
  A yaktaur (Shoals:3)
  2 efreet
  2 freezing wraiths
  A tengu conjurer (D:15)
  11 trolls
  13 merfolk
  10 polar bears
  A raiju (shapeshifter) (D:13)
  9 tarantellas
  8 blink frogs
  4 dream sheep (Shoals:1)
  A meliai zombie (D:12)
  10 jumping spiders
  4 snapping turtles
  13 slime creatures
  A shadow (D:12)
  3 culicivoras
  2 water elementals
  4 wyverns
  3 fire elementals
  7 wraiths
  39 yaks
  A steam dragon (Lair:1)
  21 redbacks
  4 vampire mosquitoes (D:12)
  A warg (Orc:1)
  4 acid dragons
  Duvessa (D:5)
  3 hell hounds (Orc:2)
  9 water moccasins
  11 orc warriors
  A black bear (Lair:5)
  24 ogres
  20 wolves
  7 centaurs
  7 bullfrogs
  6 scorpions
  A wight (D:8)
  Dowan (D:6)
  7 killer bees
  5 howler monkeys
  2 quasits (D:4)
  2 jellies
  16 orc priests
  4 hounds
  5 iguanas
  17 orc wizards
  2 hell rats (Lair:5)
  8 adders
  9 gnolls
  10 river rats (Lair:5)
  A shadow imp (D:6)
  5 white imps
  6 ufetubi
  4 worms
  49 orcs
  5 bats
  3 endoplasms
  5 giant cockroaches
  3 hobgoblins
  10 jackals
  7 kobolds
  5 quokkas
  7 ball pythons
  3 frilled lizards
  6 goblins
  4 rats
644 creatures vanquished.

Vanquished Creatures (collateral kills)
  Nergalle (Lair:2)
  A lindwurm (Lair:2)
  An oklob plant (D:10)
  An ugly thing (D:13)
  A cyclops (D:11)
  A cane toad (Lair:3)
  3 rime drakes
  A blink frog (Lair:3)
  An acid dragon (D:10)
  An ice beast (D:8)
  A gnoll sergeant (D:12)
  A wight (D:10)
  A killer bee (D:11)
  A howler monkey (D:11)
  An orc priest (D:9)
  A gnoll (D:12)
  3 orcs (D:9)
21 creatures vanquished.

Vanquished Creatures (others)
  A death yak (IceCv)
  3 skeletal warriors (D:12)
  A gargoyle (D:10)
  2 cane toads
  A rime drake (Lair:3)
  3 meliai
  A blink frog (Lair:3)
  4 yaks
  A wraith (D:10)
  A basilisk (Lair:2)
  A steam dragon (D:7)
  Menkaure (D:4)
  An ice beast (D:6)
  An ogre (D:5)
  11 wolves (Lair:1)
  A centaur (D:10)
  A bullfrog (D:7)
  7 wights
  A hound (D:7)
  2 sleepcaps (D:6)
  An orc wizard (D:9)
46 creatures vanquished.

Grand Total: 711 creatures vanquished

Notes
Turn   | Place    | Note
-------+----------+-------------------------------------------
     0 | D:1      | freelancePsychic the Demigod Artificer began the quest for
                  | the Orb.
     0 | D:1      | Reached XP level 1. HP: 15/15 MP: 3/3
    27 | D:1      | Reached skill level 1 in Fighting
    46 | D:1      | Got the Monograph on Poisonous Cold
   419 | D:1      | Reached XP level 2. HP: 23/23 MP: 4/4
  1116 | D:2      | Reached skill level 1 in Transmutations
  1116 | D:2      | Reached skill level 1 in Poison Magic
  1136 | D:2      | Learned a level 1 spell: Sting
  1392 | D:2      | Reached XP level 3. HP: 20/28 MP: 1/6
  1762 | D:2      | Reached skill level 1 in Spellcasting
  2450 | D:3      | Noticed a scorpion
  2460 | D:3      | Killed a scorpion
  2461 | D:3      | Reached XP level 4. HP: 32/35 MP: 4/8
  2577 | D:3      | Identified the +0 pair of gloves "Fyffu" {rCorr Slay+3}
  3005 | D:3      | Reached XP level 5. HP: 29/40 MP: 6/10
  3756 | D:4      | Reached XP level 6. HP: 26/47 MP: 1/11
  3925 | D:4      | Found Hibuynem's Magic Scroll Shoppe.
  3933 | D:4      | Bought a scroll of brand weapon for 104 gold pieces
  3933 | D:4      | Bought a scroll of fear for 44 gold pieces
  3933 | D:4      | Bought a scroll of identify for 22 gold pieces
  3933 | D:4      | Bought a scroll of identify for 22 gold pieces
  3957 | D:5      | Entered Level 5 of the Dungeon
  4152 | D:4      | Learned a level 3 spell: Summon Guardian Golem
  4268 | D:4      | Found a staircase to the Ecumenical Temple.
  4372 | D:4      | Reached skill level 1 in Hexes
  4372 | D:4      | Reached skill level 1 in Summonings
  4501 | D:4      | You fall into a shaft and drop 1 floor!
  4508 | D:5      | Noticed Duvessa
  4520 | D:5      | Noticed Dowan
  4528 | D:5      | Killed Duvessa
  4580 | D:5      | Noticed a water moccasin
  4585 | D:5      | Killed a water moccasin
  4586 | D:5      | Reached XP level 7. HP: 35/52 MP: 13/13
  4717 | D:5      | Noticed Menkaure
  4733 | D:6      | Killed Dowan
  4824 | D:6      | Noticed a troll
  5918 | D:5      | Reached XP level 8. HP: 59/59 MP: 11/15
  6351 | D:4      | Reached skill level 2 in Fighting
  6490 | D:4      | Killed Menkaure
  6954 | D:5      | Reached skill level 3 in Fighting
  7360 | D:7      | Found a runed translucent door.
  7360 | D:7      | Noticed a sixfirhy
  7899 | D:7      | Reached skill level 4 in Fighting
  7899 | D:7      | Reached skill level 5 in Transmutations
  7899 | D:7      | Reached skill level 5 in Poison Magic
  8600 | D:8      | Noticed Erica
  8605 | D:8      | Reached XP level 9. HP: 59/71 MP: 11/16
  9454 | D:8      | Learned a level 3 spell: Call Canine Familiar
  9541 | D:8      | Killed Erica
  9542 | D:8      | Reached skill level 5 in Fighting
 10043 | D:9      | Found a staircase to the Orcish Mines.
 10272 | D:9      | Learned a level 6 spell: Eringya's Noxious Bog
 10942 | D:10     | Entered Level 10 of the Dungeon
 10978 | D:10     | Noticed a gargoyle
 10991 | D:10     | Killed a gargoyle
 10992 | D:10     | Reached skill level 6 in Fighting
 11047 | D:10     | Found a staircase to the Lair.
 11051 | D:10     | Noticed an oklob plant
 11306 | D:10     | Reached XP level 10. HP: 84/84 MP: 17/17
 11927 | D:10     | Identified the ring "Wetoutig" {rF+ rN+ Int+3}
 12197 | D:10     | Found Utaup's Weapon Shop.
 12470 | D:10     | Killed an oklob plant
 12471 | D:10     | Reached skill level 7 in Fighting
 12675 | Lair:1   | Entered Level 1 of the Lair of Beasts
 13734 | Lair:2   | Noticed a lindwurm
 13743 | Lair:2   | Killed a lindwurm
 14005 | Lair:2   | Identified the +3 war axe of Borghor {drain, rPois MP-9
                  | Int+5 Stlth+}
 14035 | Lair:2   | Noticed a lindwurm
 14035 | Lair:2   | Noticed Nergalle
 14051 | Lair:2   | Noticed a lindwurm
 14057 | Lair:2   | Killed a lindwurm
 14061 | Lair:2   | Killed Nergalle
 14109 | Lair:2   | Killed a lindwurm
 14110 | Lair:2   | Reached XP level 11. HP: 26/94 MP: 8/19
 14576 | Lair:2   | Noticed a death yak
 14596 | Lair:2   | Noticed a death yak
 14597 | Lair:2   | Noticed a death yak
 14605 | Lair:2   | Killed a death yak
 14606 | Lair:2   | Reached skill level 8 in Fighting
 14610 | Lair:2   | Killed a death yak
 14610 | Lair:2   | Killed a death yak
 14611 | Lair:2   | Reached skill level 5 in Evocations
 14655 | Lair:2   | Found a staircase to the Shoals.
 14820 | Lair:2   | Noticed Sonja
 14926 | Lair:2   | Killed Sonja
 15972 | Lair:3   | Reached skill level 9 in Fighting
 16189 | Lair:3   | Noticed a catoblepas
 16200 | Lair:3   | Killed a catoblepas
 16470 | Lair:3   | Found a hole to the Spider Nest.
 16571 | Lair:3   | Reached XP level 12. HP: 20/105 MP: 14/20
 17387 | Lair:4   | Reached skill level 10 in Poison Magic
 17388 | Lair:4   | Reached skill level 10 in Transmutations
 17828 | Lair:4   | Reached skill level 10 in Fighting
 18780 | Lair:5   | Entered Level 5 of the Lair of Beasts
 19213 | Lair:5   | Reached skill level 5 in Spellcasting
 19304 | Lair:5   | Reached skill level 11 in Fighting
 19349 | Lair:5   | Found a frozen archway.
 19377 | Lair:5   | Noticed a catoblepas
 19388 | Lair:5   | Killed a catoblepas
 19396 | IceCv    | Entered an ice cave
 19715 | IceCv    | Reached XP level 13. HP: 111/117 MP: 12/24
 20075 | IceCv    | Reached skill level 12 in Fighting
 20152 | IceCv    | Reached skill level 1 in Dodging
 20152 | IceCv    | Reached skill level 1 in Stealth
 20157 | IceCv    | Learned a level 2 spell: Sublimation of Blood
 20991 | IceCv    | Reached skill level 1 in Fire Magic
 21169 | IceCv    | Reached skill level 1 in Air Magic
 21532 | IceCv    | Noticed a frost giant
 21538 | IceCv    | Killed a frost giant
 21903 | Lair:5   | Reached skill level 1 in Shields
 22003 | Lair:5   | Found a staircase to the Slime Pits.
 22408 | Lair:5   | Noticed a dire elephant
 22411 | Lair:5   | Reached skill level 5 in Stealth
 22714 | Lair:5   | Identified the +8 falchion "Ubbomita" {venom, *Noise Int+4
                  | Stlth+}
 23209 | Lair:5   | Killed a dire elephant
 25721 | D:12     | Learned a level 6 spell: Plasma Beam
 25948 | D:13     | Reached XP level 14. HP: 90/126 MP: 17/25
 26240 | D:13     | Reached skill level 5 in Shields
 26712 | D:13     | Identified the ring of Aronomp {Wiz Slay+6}
 27654 | D:13     | Reached skill level 5 in Dodging
 28271 | Orc:1    | Entered Level 1 of the Orcish Mines
 28743 | Orc:1    | Reached skill level 5 in Air Magic
 28904 | Orc:2    | Entered Level 2 of the Orcish Mines
 28910 | Orc:2    | Reached skill level 5 in Fire Magic
 29345 | Orc:2    | Noticed Josephine
 29354 | Orc:2    | Killed Josephine
 29600 | Orc:2    | Found Xymotsac's Book Shop.
 29744 | Orc:2    | Found Refutwya's Assorted Antiques.
 29746 | Orc:2    | Found Beack's Armour Emporium.
 29753 | Orc:2    | Bought 2 metallic pink potions for 43 gold pieces
 29753 | Orc:2    | Found a staircase to the Elven Halls.
 29756 | Orc:2    | Found Miskilergh's General Store.
 29847 | Orc:2    | Found Emecs's Magic Scroll Emporium.
 29850 | Orc:2    | Bought a scroll of amnesia for 64 gold pieces
 29850 | Orc:2    | Bought a scroll of teleportation for 48 gold pieces
 29850 | Orc:2    | Bought a scroll of teleportation for 48 gold pieces
 29850 | Orc:2    | Bought a scroll of immolation for 64 gold pieces
 30080 | Orc:2    | Noticed Azrael
 30094 | Orc:2    | Azrael changed into Azrael the soul eater
 30094 | Orc:2    | Noticed Azrael
 30142 | Orc:1    | Killed Azrael the soul eater
 31512 | D:14     | Noticed Rupert
 31522 | D:14     | Killed Rupert
 32265 | D:14     | Reached XP level 15. HP: 134/134 MP: 2/27
 32452 | D:14     | Found a gate to the Vaults.
 32620 | D:15     | Entered Level 15 of the Dungeon
 33765 | D:15     | Reached skill level 1 in Necromancy
 33882 | D:15     | Found a staircase to the Depths.
 34274 | Orc:2    | Bought a +0 cloak for 67 gold pieces
 34644 | Shoals:1 | Entered Level 1 of the Shoals
 34644 | Shoals:1 | Found Punav's Magic Scroll Shoppe.
 35011 | Shoals:1 | Bought a scroll of enchant armour for 120 gold pieces
 35011 | Shoals:1 | Bought a scroll of teleportation for 48 gold pieces
 35374 | Shoals:1 | Found a runed translucent door.
 35375 | Shoals:1 | Noticed Mofoompusch's ghost (adept NaCA)
 35902 | Spider:1 | Entered Level 1 of the Spider Nest
 35969 | Spider:1 | Noticed Agnes
 35980 | Spider:1 | Killed Agnes
 37628 | Spider:1 | HP: 4/134 [something (4)]
 37628 | Spider:1 | HP: 1/134 [something (3)]
 38086 | Shoals:2 | Noticed Polyphemus
 38103 | Shoals:2 | Killed Polyphemus
 38128 | Shoals:2 | Reached skill level 13 in Fighting
 38396 | Shoals:2 | Identified the +5 spear of the Imperium {holy, rPois rCorr
                  | Dex+2}
 39620 | Shoals:3 | Reached XP level 16. HP: 31/143 MP: 17/30
 39620 | Shoals:3 | Hit by a javelin thrown by a merfolk javelineer

Illustrated notes

Levels and vault maps discovered:
D:1:      minmay_arrival_three_doors, layout_basic,
          ebering_ecumenical_altar_abandoned
D:2:      layout_loops_cross, basic_altar
D:3:      layout_loops_cross
D:4:      layout_cave_pods, lemuel_tele_altar, minmay_temple_entry_waves,
          serial_demonic, serial_demonic_a, serial_demonic_b, serial_demonic_d,
          serial_demonic_a, serial_shops, shop, solitary_fountain
D:5:      layout_rooms, hex_intersection, uniq_duvessa, uniq_menkaure
D:6:      layout_gridville, kennysheep_mini_moat
D:7:      cheibrodos_shockbox, layout_basic, mainiacjoe_overflow_swirl
D:8:      layout_rooms, minmay_misc_feat_secret_circle, uniq_erica
D:9:      layout_gridville, orc_0_dummy
D:10:     layout_loops_ring, mainiacjoe_overflow_large_starburst,
          dpeg_oklobed_lair, serial_shops, nicolae_shop_bloodbath_and_beyond,
          kennysheep_windowed_goal
D:11:     layout_cave_pools, serial_park, serial_park_tiny_pond,
          serial_park_avenue1, serial_park_square2, serial_park_tiny_pond,
          grunt_dithmenos_smoke_and_mirrors
D:12:     layout_basic, lemuel_zombie_altar_yredelemnul
D:13:     layout_grid_maze
D:14:     layout_gridville, grunt_vaults_entry_fortified, moated_statue,
          minmay_misc_feat_nine_boxes, uniq_rupert
D:15:     grunt_enter_depths_snipers, layout_irregular_city,
          chequers_hall_statues_wall_a
Lair:1:   layout_small_grid
Lair:2:   layout_regular_city, minmay_shoals_entry_hut, nicolae_lair_lindhole,
          lemuel_fruit_tree, lemuel_fruit_fields, uniq_sonja, uniq_nergalle
Lair:3:   layout_regular_city, spider_nest_entry_web_field, serial_bayou_pond_e
Lair:4:   layout_gridlike
Lair:5:   grunt_lair_end_beastmaster, layout_loops_ring,
          minmay_slime_entry_pillars, portal_ice_cave_rime, kennysheep_rathole,
          grunt_megastairs_5
Shoals:1: layout_shoals, serial_shops, shop, ebering_ghost_inner_flame
Shoals:2: layout_shoals, nicolae_shoals_mertower, uniq_polyphemus
Shoals:3: layout_shoals, yaktaur_hedge
Spider:1: layout_spider_delve, uniq_agnes, uniq_kirke
Spider:2: layout_spider_delve
Orc:1:    layout_caves, basic_altar
Orc:2:    st_orc_open, layout_caves, serial_shops, nicolae_shop_rolled_up,
          basic_altar, uniq_josephine, uniq_azrael

Skill      XL: |  1  2  3  4  5  6  7  8  9 10 11 12 13 14 15 |
---------------+----------------------------------------------+-----
Fighting       | 1 4 6 7 9 11 12 13 | 13.1
Transmutations | 1 2 3 5 7 8 9 10 | 10.3
Poison Magic   | 1 2 3 5 7 8 9 10 | 10.4
Spellcasting   | 1 2 3 5 6 |  6.4
Hexes          | 2 4 |  4.0
Summonings     | 2 4 |  4.0
Evocations     | 4 6 |  6.0
Dodging        | 4 6 7 |  7.7
Stealth        | 5 |  5.0
Fire Magic     | 4 7 9 |  9.4
Air Magic      | 4 7 9 |  9.5
Shields        | 4 6 |  6.0
Necromancy     | 3 |  3.5
Short Blades   | |  0.3
Armour         | |  1.7

Action                     |  1- 3 |  4- 6 |  7- 9 | 10-12 | 13-15 | 16-18 || total
---------------------------+-------+-------+-------+-------+-------+-------++-------
  Melee: Rapier            |    96 |    84 |     3 |       |       |       ||   183
         Club              |     3 |       |       |       |       |       ||     3
         Punch             |     3 |       |     3 |     1 |       |       ||     7
         Dagger            |       |       |   214 |   179 |    33 |       ||   426
         Falchion          |       |       |       |       |   265 |       ||   265
   Cast: Sting             |    40 |    68 |   175 |    99 |    60 |       ||   442
         Summon Guardian G |       |       |    42 |    37 |    18 |       ||    97
         Call Canine Famil |       |       |     8 |    21 |     7 |       ||    36
         Eringya's Noxious |       |       |       |    40 |   132 |       ||   172
         Plasma Beam       |       |       |       |       |   129 |       ||   129
         Sublimation of Bl |       |       |       |       |    23 |       ||    23
  Evoke: Wand              |     2 |     9 |     7 |    28 |    26 |       ||    72
         Lightning rod     |       |       |       |       |     9 |       ||     9
         Phial of floods   |       |       |       |       |     3 |       ||     3
    Use: Scroll            |     4 |     4 |    11 |     7 |    22 |     1 ||    49
         Potion            |       |       |     3 |       |    17 |       ||    20
   Stab: Sleeping          |     2 |       |       |     1 |     2 |       ||     5
         Paralysed         |       |       |    11 |     6 |     2 |       ||    19
         Distracted        |       |       |       |     2 |     1 |       ||     3
 Armour: Leather armour    |    29 |    40 |   219 |   158 |   176 |       ||   622
         Troll leather arm |       |       |       |       |   124 |       ||   124
  Dodge: Dodged            |    96 |    96 |   236 |   205 |   497 |       ||  1130
  Block: Buckler           |       |       |       |       |   191 |       ||   191

Table legend: (Time is in decaauts)
 A = Elapsed time spent in this place.
 B = Non-inter-level travel time spent in this place.
 C = Inter-level travel time spent in this place.
 D = Time resting spent in this place.
 E = Time spent auto-exploring this place.
 F = Levels seen in this place.
 G = Mean time per level.
                   A        B        C        D        E       F      G
               +--------+--------+--------+--------+--------+-----+--------+
         Total |  39984 |  38134 |   1850 |   2471 |  29019 |  28 | 1428.0 |
       Dungeon |  21036 |  20005 |   1031 |    946 |  15543 |  15 | 1402.4 |
          Lair |   9069 |   8572 |    497 |    608 |   6677 |   5 | 1813.8 |
        Shoals |   2931 |   2820 |    111 |    382 |   1981 |   3 |  977.0 |
   Spider Nest |   1738 |   1686 |     52 |    312 |    935 |   2 |  869.0 |
  Orcish Mines |   2775 |   2619 |    156 |      0 |   2120 |   2 | 1387.5 |
      Ice Cave |   2433 |   2433 |      0 |    223 |   1762 |   1 | 2433.0 |
               +--------+--------+--------+--------+--------+-----+--------+

Top non-repeatable levels by time:
   IceCv: 2433 daAuts
  Lair:2: 2283 daAuts
    D:13: 2253 daAuts
  Lair:5: 2128 daAuts
    D:10: 2014 daAuts
     D:4: 1977 daAuts
  Lair:3: 1861 daAuts
    D:14: 1801 daAuts
    D:12: 1785 daAuts
  Lair:4: 1693 daAuts
     D:7: 1671 daAuts
Spider:1: 1648 daAuts
   Orc:2: 1646 daAuts
Shoals:2: 1638 daAuts
    D:15: 1389 daAuts
